[Event "Live Chess"]
[Site "Chess.com"]
[Date "2023.05.20"]
[Round "-"]
[White "LiamBellwood"]
[Black "apl_trainer"]
[Result "0-1"]
[WhiteElo "2053"]
[BlackElo "1736"]
[TimeControl "300"]
[EndTime "13:03:25 PDT"]
[Termination "apl_trainer won by resignation"]

1. d4 Nf6 2. Nc3 d5 3. Bf4 a6 4. e3 c5 5. dxc5 Qa5 6. Nf3 Qxc5 7. Qd4 e6 8. Be2 Nc6 9. Qxc5 Bxc5 10. O-O-O b5 11. Ne5 Bb7 12. Bf3 Rc8 13. Kb1 O-O 14. g4 Nxe5 15. Bxe5 Nd7 16. Bg3 Nb6 17. Be5 Nc4 18.
Bd4 Bxd4 19. Rxd4 Rc7 20. Rhd1 Rfc8 21. R4d3 Ne5 22. Nxd5 exd5 23. Rxd5 Bxd5 24. Bxd5 Rxc2 25. f4 Nxg4 26. Be4 Rxh2 27. Bf5 Re8 28. Bxg4 h5 29. Bf5 g6 30. Bd3 Rxe3 31. f5 Kg7 32. fxg6 fxg6 0-1

[Event "Live Chess"]
[Site "Chess.com"]
[Date "2023.05.20"]
[Round "-"]
[White "smoggyrabbit"]
[Black "booktrunk"]
[Result "1-0"]
[WhiteElo "1668"]
[BlackElo "1290"]
[TimeControl "300"]
[EndTime "13:03:31 PDT"]
[Termination "smoggyrabbit won by resignation"]

1. d4 d5 2. Nf3 Nc6 3. e3 f6 4. Bd3 e5 5. dxe5 fxe5 6. Be2 e4 7. Nd4 Nce7 8. O-O c6 9. c4 dxc4 10. Bxc4 Nf5 11. Nxf5 Bxf5 12. Qb3 Qe7 13. Bxg8 O-O-O 14. Bc4 g6 15. Nc3 Bg7 16. Qa4 b5 17. Qa6+ Kb8 18. Bb3 Bxc3 19. bxc3 Rd3 20. Qxc6 Rc8 21. Qxb5+ Qb7 22.
Qxb7+ Kxb7 23. Bb2 Rd2 24. Rab1 Kc7 25. c4 Rb8 26. Be5+ 1-0

[Event "Live Chess"]
[Site "Chess.com"]
[Date "2023.05.20"]
[Round "-"]
[White "birdseed45"]
[Black "siddu198"]
[Result "1-0"]
[WhiteElo "1893"]
[BlackElo "1599"]
[TimeControl "300"]
[EndTime "13:03:35 PDT"]
[Termination "birdseed45 won by resignation"]

1. e4 e5 2. Nf3 Nc6 3. Bb5 Bc5 4. O-O d6 5. h3 Nf6 6. Re1 O-O 7. c3 a6 8. Ba4 b5 9. Bb3 a5 10. a3 a4 11. Ba2 Ne7 12. d4 exd4 13. cxd4 Bb6 14.
Bg5 Ng6 15. Nbd2 h6 16. Bxf6 Qxf6 17. e5 dxe5 18. dxe5 Qe7 19. Qc2 Bb7 20. Qxg6 Bxf3 21. Nxf3 c5 22. Qxb6 c4 1-0

[Event "Live Chess"]
[Site "Chess.com"]
[Date "2023.05.20"]
[Round "-"]
[White "RoaringKnights"]
[Black "lightningorderyt"]
[Result "1-0"]
[WhiteElo "994"]
[BlackElo "525"]
[TimeControl "300"]
[EndTime "13:03:45 PDT"]
[Termination "RoaringKnights won on time"]

1. e4 c6 2. Bc4 d5 3. exd5 cxd5 4. Bb3 Nf6 5. Nc3 e5 6. Ba4+ Nc6 7. Bxc6+ bxc6 8.
d3 Bf5 9. Nf3 Qe7 10. Bg5 h6 11.
Bh4 g5 12. Bg3 e4 13. Ne5 Rc8 14. h4 gxh4 15. Rxh4 Bg7 16. Qe2 O-O 17. O-O-O d4 18. Nb1 c5 19. dxe4 Bg6 20. Nxg6 fxg6 21. e5 Nh5 22.
Qd3 Nxg3 23. fxg3 g5 24. Rh5 Qxe5 25. Qc4+ Kh8 26. Qd3 c4 27. Qd2 Qxg3 28. Qe1 Qxg2 29. Qd2 Qxd2+ 30. Nxd2 Be5 31. Rg1 Kh7 32. Rgxg5 Bf4 33.
Rg1 Bxd2+ 34. Kxd2 Rf2+ 35. Kc1 Rcf8 36. Rhh1 h5 37.
b3 Kh6 38. bxc4 d3 39. cxd3 Rxa2 40. Kb1 Ra3 41. Kb2 Rxd3 42. Kc2 Rd4 43. Kc3 Rdf4 44. Rg2 Rf3+ 45. Kb4 R3f4 46. Kc5 1-0

[Event "Live Chess"]
[Site "Chess.com"]
[Date "2023.05.20"]
[Round "-"]
[White "ExIsambard"]
[Black "Hacker_2009"]
[Result "0-1"]
[WhiteElo "2003"]
[BlackElo "1908"]
[TimeControl "300"]
[EndTime "13:04:09 PDT"]
[Termination "Hacker_2009 won by resignation"]

1. d4 Nf6 2. Nf3 e6 3. Bg5 d5 4.
e3 Be7 5. Bd3 O-O 6. Nbd2 b6 7. h4 Bb7 8. Qe2 c5 9. c3 cxd4 10. exd4 Nc6 11. O-O-O Rc8 12. Kb1 Na5 13. Rdg1 Nc4 14. Bxf6 Bxf6 15. g4 Nxd2+ 16. Qxd2 Be7 17. g5 a6 18. h5 b5 19. Ne5 b4 20. Bxh7+ Kxh7 21. g6+ Kg8 22. gxf7+ Rxf7 23. Qh6 Bf6 24. Nxf7 Kxf7 25.
Qg6+ Ke7 26. cxb4 Qb6 27. h6 Qxd4 0-1

[Event "Live Chess"]
[Site "Chess.com"]
[Date "2023.05.20"]
[Round "-"]
[White "JoshMcK"]
[Black "Woodpusher500"]
[Result "1-0"]
[WhiteElo "1571"]
[BlackElo "1285"]
[TimeControl "300"]
[EndTime "13:04:13 PDT"]
[Termination "JoshMcK won by resignation"]

1. e4 e5 2. Nf3 Nc6 3. Bb5 f5 4. d3 fxe4 5. dxe4 Nf6 6. O-O d6 7. Nc3 Bd7 8. Bg5 Be7 9. Bxf6 Bxf6 10. Nd5 O-O 11. Bc4 Na5 12. Nxf6+ Kh8 13. Nxd7 Qxd7 14.
Bd5 c6 15. Bb3 Rf6 16. Ng5 Rg6 17. Nf7+ Kg8 18. Nxe5+ Kf8 19. Nxd7+ 1-0

[Event "Live Chess"]
[Site "Chess.com"]
[Date "2023.05.20"]
[Round "-"]
[White "YrrriKharkiv"]
[Black "ViktorTheCoolBoy"]
[Result "0-1"]
[WhiteElo "2036"]
[BlackElo "2518"]
[TimeControl "300"]
[EndTime "13:04:27 PDT"]
[Termination "ViktorTheCoolBoy won by resignation"]

1. d4 Nf6 2. Bf4 e6 3. e3 c5 4. c3 d5 5. Nf3 Bd6 6. Bg3 O-O 7. Nbd2 Qc7 8. Bd3 Nbd7 9. O-O Bxg3 10. hxg3 e5 11.
dxe5 Nxe5 12. Nxe5 Qxe5 13. Nf3 Qh5 14. Be2 Qh6 15. Ne5 Re8 16. Nd3 b6 17. Nf4 Bb7 18. Bf3 Rad8 19. Qa4 a6 20. Rad1 b5 21. Qc2 g5 22. Nxd5 Bxd5 23. e4 Be6 24. Rxd8 Rxd8 25. e5 Ng4 26. Bxg4 Bxg4 27. Qe4 Be6 28. f4 gxf4 29. gxf4 Rd2 30. f5 Bd5 31. Qg4+ Qg7 32.
Qxg7+ Kxg7 33. Rf2 Rxf2 34. Kxf2 Kh6 35. g4 Kg5 36.
Kg3 Bxa2 37. Kf3 Bd5+ 0-1

[Event "Live Chess"]
[Site "Chess.com"]
[Date "2023.05.20"]
[Round "-"]
[White "LL220284LL"]
[Black "manthanit"]
[Result "1-0"]
[WhiteElo "2401"]
[BlackElo "1009"]
[TimeControl "300"]
[EndTime "13:04:34 PDT"]
[Termination "LL220284LL won by resignation"]

1. Nf3 e6 2. g3 d5 3. Bg2 c5 4. c4 Nf6 5. cxd5 Qxd5 6. d4 cxd4 7. Qxd4 Qxd4 8. Nxd4 Bc5 9. Nb3 Bb6 10. Nc3 Nc6 11. Bf4 Bd7 12. Na4 O-O 13. Nxb6 axb6 14. O-O Rab8 15. Bxb8 Nxb8 16. Rfd1 Nc6 17. Rac1 Ng4 18. Nd4 Rd8 19. Nxc6 bxc6 20. Bxc6 Ne5 21. Bxd7 Rxd7 22.
Rc8+ 1-0

[Event "Live Chess"]
[Site "Chess.com"]
[Date "2023.05.20"]
[Round "-"]
[White "wadsy27"]
[Black "OSmith06"]
[Result "1-0"]
[WhiteElo "2549"]
[BlackElo "1664"]
[TimeControl "300"]
[EndTime "13:04:37 PDT"]
[Termination "wadsy27 won by checkmate"]

1. c4 Nf6 2. g3 e6 3. Bg2 d5 4.
Nf3 a6 5. b3 Bd6 6. Bb2 O-O 7.
O-O c5 8. cxd5 exd5 9. d4 cxd4 10. Nxd4 Nc6 11. Nc3 Be5 12. Na4 Nxd4 13. Bxd4 Bxd4 14.
Qxd4 b5 15. Nb6 Rb8 16. Nxd5 Nxd5 17. Qxd5 Qxd5 18. Bxd5 Bf5 19. Rac1 Rfd8 20. e4 Bg4 21. f3 Bh3 22. Rfd1 Rbc8 23. g4 h5 24. Kf2 hxg4 25. Kg3 Rxc1 26. Rxc1 Rd6 27. fxg4 Rh6 28. Rc8+ Kh7 29.
Bxf7 Bf1 30. Bg8+ Kg6 31. Rc6+ Kg5 32. h4+ Rxh4 33. Rc5+ Kh6 34. Kxh4 g5+ 35. Rxg5 a5 36. e5 a4 37. e6 axb3 38. e7 bxa2 39. e8=Q Bd3 40. Qh5# 1-0

[Event "Live Chess"]
[Site "Chess.com"]
[Date "2023.05.20"]
[Round "-"]
[White "chekagain"]
[Black "Delacorta"]
[Result "0-1"]
[WhiteElo "814"]
[BlackElo "1449"]
[TimeControl "300"]
[EndTime "13:04:46 PDT"]
[Termination "Delacorta won by checkmate"]

1. e4 e6 2. d4 d5 3. e5 c5 4.
Nf3 Nc6 5. dxc5 Bxc5 6. Nc3 Nge7 7. Na4 Bb6 8. Nxb6 axb6 9. b3 Ng6 10. Bb2 Qc7 11. g3 Ncxe5 12. Nxe5 Nxe5 13. Bg2 O-O 14. O-O Bd7 15. Re1 Ng6 16. Qd4 f6 17. g4 Qc5 18.
g5 Qxd4 19. Bxd4 fxg5 20. Rad1 Rxa2 21. c4 Nf4 22. Bxb6 Nxg2 23. Kxg2 Bc6 24. cxd5 Bxd5+ 25. Kf1 h5 26. b4 h4 27. b5 Bc4+ 28. Kg1 Bxb5 29. Rxe6 Bc6 30. Re7 Rb2 31. Bd4 Ra2 32. Rxg7+ Kh8 33. Rxb7+ Kg8 34. Rg7+ Kh8 35. Ra7+ Kg8 36.
Rxa2 Rf4 37. Bc3 Rg4+ 38. Kf1 Bb5+ 39. Ke1 Re4+ 40. Kd2 Re2+ 41. Kc1 Rxa2 42. Rd8+ Kf7 43. Rd6 Rxf2 44. h3 Rf1+ 45. Kc2 Ba4+ 46. Kd2 Rd1+ 47. Ke2 Rxd6 48. Ke3 Kg6 49. Kf3 Rd3+ 50. Kg4 Bd7# 0-1

[Event "Live Chess"]
[Site "Chess.com"]
[Date "2023.05.20"]
[Round "-"]
[White "Tilbs_12"]
[Black "Salpingidis"]
[Result "0-1"]
[WhiteElo "1561"]
[BlackElo "2274"]
[TimeControl "300"]
[EndTime "13:04:58 PDT"]
[Termination "Salpingidis won on time"]

1. e4 e6 2. d4 d5 3. e5 c5 4.
c3 Nc6 5. Nf3 Qb6 6. Bd3 cxd4 7.
O-O Bd7 8. Re1 Nge7 9. a3 Ng6 10. b4 dxc3 11. Nxc3 a6 12. Be3 Qd8 13. Bxg6 hxg6 14. Na4 Be7 15. Nc5 Rb8 16. Qd2 O-O 17. Rac1 Bc8 18.
Bg5 Bxg5 19. Nxg5 Qe7 20. g3 b6 21. Nd3 Nd4 22. Qe3 Nf5 23. Qd2 b5 24. Nc5 Bb7 25. Nf3 Rfc8 26. Nd4 Nxd4 27. Qxd4 Rc6 28. Kf1 Rbc8 29.
Rc3 a5 30. Rec1 axb4 31. axb4 Ba8 32. Qf4 f6 33. Kg2 fxe5 34. Qxe5 Qf6 35. Qxf6 gxf6 36. f3 Kf7 37. Kf2 e5 38. Ke2 d4 39. R3c2 R6c7 40. Kd3 Bd5 41. Na6 Rxc2 42. Rxc2 Rxc2 43. Kxc2 Bxf3 44. Nc7 Be2 45. Kd2 Bc4 46. Na6 e4 47.
Nc5 e3+ 48. Ke1 d3 49. Ne4 d2+ 50. Nxd2 exd2+ 51. Kxd2 Ke6 52. Ke3 Ke5 53. Kf3 Kf5 54. Ke3 Kg4 55. Kd4 Kh3 56. Ke4 Kxh2 57. Kf4 Kh3 58.
g4 Kh4 59. Kf3 f5 60. gxf5 gxf5 61. Kf4 Bd3 62. Kf3 Be4+ 63. Kf4 Kh3 64. Kg5 Kg3 65. Kf6 f4 66. Ke5 f3 67. Kxe4 f2 68. Kd5 f1=Q 69.
Kc5 Qc4+ 70. Kb6 Qxb4 71. Kc6 Qc4+ 72. Kb6 b4 73. Ka5 b3 0-1

[Event "Live Chess"]
[Site "Chess.com"]
[Date "2023.05.20"]
[Round "-"]
[White "BritishIsles"]
[Black "Vladyslav2008"]
[Result "1-0"]
[WhiteElo "2429"]
[BlackElo "2160"]
[TimeControl "300"]
[EndTime "13:05:00 PDT"]
[Termination "BritishIsles won by resignation"]

1. d4 Nf6 2. Bg5 c5 3. d5 d6 4. Nc3 g6 5. Qd2 Bg7 6. Bh6 O-O 7. h4 a6 8. h5 b5 9. Bxg7 Kxg7 10. hxg6 fxg6 11. Qh6+ Kg8 12. Nf3 Rf7 13. Ng5 Rg7 14.
g3 Bb7 15. Qxg7+ Kxg7 16. Ne6+ Kf7 17. Nxd8+ Ke8 18. Nxb7 1-0

[Event "Live Chess"]
[Site "Chess.com"]
[Date "2023.05.20"]
[Round "-"]
[White "AttackingSnowLeopard"]
[Black "Enhard"]
[Result "1-0"]
[WhiteElo "2054"]
[BlackElo "1462"]
[TimeControl "300"]
[EndTime "13:05:10 PDT"]
[Termination "AttackingSnowLeopard won by resignation"]

1. d4 c6 2. c4 d5 3. Nf3 Nf6 4. e3 Bf5 5. Nc3 e6 6. Nh4 Bg6 7. Nxg6 hxg6 8. Bd2 Nbd7 9. Qc2 Bb4 10. O-O-O Bxc3 11. Bxc3 dxc4 12. Bxc4 Nb6 13. Be2 Nbd5 14. Kb1 Nxc3+ 15.
Qxc3 Nd5 16. Qb3 Qc7 17. e4 Nb6 18. g3 O-O-O 19. h4 Qe7 20. Bf3 Qf6 21. e5 Qe7 22. Rhe1 Nd5 23. Rc1 Kb8 24. Rxc6 Rc8 25. Rxc8+ Rxc8 26. Bxd5 exd5 27. Rc1 Qd7 28. Rxc8+ Kxc8 29. Qc3+ Kb8 30.
Qf3 a6 31. a3 Ka7 32. Ka2 Qc6 33. Qc3 Qd7 34. Qc5+ Ka8 35. Kb3 Qg4 36. Qxd5 Qd1+ 37. Ka2 Qe2 38. Qxf7 Qd3 39. Qf8+ Ka7 40. Qc5+ Kb8 41.
e6 Qe2 42. e7 Ka8 43. Qc8+ Ka7 44. e8=Q 1-0

[Event "Live Chess"]
[Site "Chess.com"]
[Date "2023.05.20"]
[Round "-"]
[White "rmethornhill"]
[Black "dudeasy"]
[Result "1-0"]
[WhiteElo "1176"]
[BlackElo "1018"]
[TimeControl "300"]
[EndTime "13:05:13 PDT"]
[Termination "rmethornhill won on time"]

1. d4 Nf6 2. c4 e6 3. Nc3 Bb4 4.
Bg5 h6 5. Bh4 b6 6. Nf3 Bb7 7.
e3 d6 8. a3 Bxc3+ 9. bxc3 Nbd7 10. Bd3 O-O 11. O-O Qc8 12. Qc2 c5 13. dxc5 dxc5 14.
Nd2 Ne8 15. Be7 Ne5 16. Bxf8 Kxf8 17. Be4 Nc6 18. Nf3 Nd6 19. Bxc6 Bxc6 20. Ne5 Kg8 21. Nxc6 Qxc6 22. Qe2 Rd8 23. Rfd1 Rc8 24. Rd3 Ne4 25. Rad1 Qa4 26. f3 Nf6 27. Rd8+ Rxd8 28. Rxd8+ Kh7 29. Qd3+ g6 30. e4 Qxa3 31. e5 Nh5 32. Qd7 Qc1+ 33. Qd1 Qe3+ 34. Kh1 Nf4 35. Rd7 Kg7 36. Rxa7 Qxe5 37. Ra6 Qxc3 38. Rxb6 Nd3 39. Qg1 Qd2 40. h4 1-0

[Event "Live Chess"]
[Site "Chess.com"]
[Date "2023.05.20"]
[Round "-"]
[White "Duke_of_Bebington"]
[Black "Long1968"]
[Result "0-1"]
[WhiteElo "1592"]
[BlackElo "1340"]
[TimeControl "300"]
[EndTime "13:05:13 PDT"]
[Termination "Long1968 won by resignation"]

1. e4 e6 2. d4 d5 3. Nd2 Nf6 4. Bd3 c5 5. c3 dxe4 6. Nxe4 Nc6 7. Be3 cxd4 8. Bxd4 Nxd4 9. cxd4 Nxe4 10. Bxe4 Bb4+ 11. Kf1 Bd7 12. Ne2 Qb6 13. a3 Be7 14. b4 Bb5 15. Bd3 Bf6 16. g3 O-O 17. Bxb5 Qxb5 18.
Rc1 Rac8 19. Rxc8 Rxc8 20. Kg2 Qd5+ 21. f3 Rc4 22. Qa1 Bxd4 23. Nxd4 Rxd4 24. Rc1 Rd2+ 25. Kg1 Qd8 26. Rc3 Rd1+ 27. Qxd1 Qxd1+ 28. Kg2 Qd2+ 0-1

[Event "Live Chess"]
[Site "Chess.com"]
[Date "2023.05.20"]
[Round "-"]
[White "rideuv21"]
[Black "whitedjohn"]
[Result "1-0"]
[WhiteElo "1820"]
[BlackElo "1656"]
[TimeControl "300"]
[EndTime "13:05:14 PDT"]
[Termination "rideuv21 won by checkmate"]

1. e4 Nf6 2. e5 Nd5 3. d4 d6 4. Nf3 dxe5 5. Nxe5 g6 6. Bc4 c6 7. O-O Bg7 8. Nc3 O-O 9. Nxd5 cxd5 10. Bb3 Nc6 11.
Bf4 Qb6 12. c3 Nxe5 13. Bxe5 Bxe5 14. dxe5 e6 15. h4 Bd7 16. h5 Bb5 17. Re1 Qd8 18. Re3 Qg5 19. hxg6 hxg6 20. Qd4 Kg7 21. Rg3 Qe7 22. Bc2 Rh8 23. a4 Rh4 24. Qe3 Bc6 25. Re1 Rah8 26. Rh3 Rxh3 27. gxh3 Qh4 28. Kh2 Bxa4 29.
Bxa4 Qxa4 30. Qf3 Qd7 31. Qf6+ Kg8 32. Ra1 a6 33. Rg1 Rh6 34. f4 d4 35. Rd1 d3 36.
Qg5 Kh7 37. Qg3 Qb5 38. Rd2 Qc4 39. Rxd3 Qb3 40. Rd2 Kg7 41. Qg5 Rh8 42. Qf6+ Kh7 43. f5 exf5 44. Rd4 Qe6 45. Rh4+ Kg8 46. Rxh8# 1-0

[Event "Live Chess"]
[Site "Chess.com"]
[Date "2023.05.20"]
[Round "-"]
[White "CheckThis4"]
[Black "Doge_Dandolo"]
[Result "1-0"]
[WhiteElo "2552"]
[BlackElo "2016"]
[TimeControl "300"]
[EndTime "13:05:15 PDT"]
[Termination "CheckThis4 won by resignation"]

1. e4 c6 2. d3 d5 3. Nd2 g6 4. g3 Bg7 5. Bg2 Nd7 6. Ngf3 e5 7.
O-O Qc7 8. c3 Ngf6 9. Re1 O-O 10.
a4 a5 11. Qc2 Re8 12. Nf1 Nb6 13.
b3 Nbd7 14. Ba3 b6 15. Rad1 Ba6 16. Ne3 dxe4 17. dxe4 Rad8 18. Bd6 Qc8 19. Nc4 Bxc4 20. bxc4 Nf8 21. Bxe5 Rxd1 22. Rxd1 N6d7 23. Bxg7 Kxg7 24. Rd6 Ne6 25. Nd4 Ndc5 26. Nxc6 Qc7 27. e5 f6 28.
Qd1 fxe5 29. Nxe5 Re7 30. h4 Qc8 31. Kh2 Qe8 32. f4 Qxa4 33. Qd5 Qc2 34. Rxb6 Qxc3 35. Rc6 a4 36. Rxc5 Nxc5 37. Qxc5 Rb7 38. Bxb7 1-0

[Event "Live Chess"]
[Site "Chess.com"]
[Date "2023.05.20"]
[Round "-"]
[White "Wild_Tiger"]
[Black "LiamClery2020"]
[Result "0-1"]
[WhiteElo "1056"]
[BlackElo "2079"]
[TimeControl "300"]
[EndTime "13:05:24 PDT"]
[Termination "LiamClery2020 won by checkmate"]

1. d4 Nf6 2. Bg5 Ne4 3. Bh4 d5 4. f3 Nf6 5. Bxf6 gxf6 6. Nc3 c6 7. e4 e5 8. Qd2 Bb4 9. a3 Bxc3 10. Qxc3 Nd7 11. exd5 cxd5 12. Bb5 Qb6 13. Bxd7+ Bxd7 14. O-O-O Rc8 15. Qb3 Qxb3 16. c3 Bf5 17. Rd2 exd4 18.
Ne2 dxc3 19. Rc2 Qxc2# 0-1

[Event "Live Chess"]
[Site "Chess.com"]
[Date "2023.05.20"]
[Round "-"]
[White "PiotrD11"]
[Black "Brooms1989"]
[Result "1-0"]
[WhiteElo "1341"]
[BlackElo "1018"]
[TimeControl "300"]
[EndTime "13:05:29 PDT"]
[Termination "PiotrD11 won by checkmate"]

1. e4 e5 2. Nf3 Nc6 3. Bb5 a6 4. Ba4 Nf6 5. O-O Bc5 6. Re1 O-O 7. c3 Bb6 8. d3 h6 9. h3 d6 10. Bc2 Ne7 11. a4 Ng6 12. a5 Ba7 13. d4 exd4 14. cxd4 c5 15. d5 Re8 16. Nc3 b6 17. Bd2 bxa5 18.
Ba4 Re7 19. Bc6 Rb8 20. Qc2 Qb6 21. Na4 Qb3 22. Qxb3 Rxb3 23. Bxa5 Rxe4 24. Rxe4 Nxe4 25. Re1 f5 26. Nd2 Nxd2 27. Bxd2 c4 28. Re8+ Kh7 29. Rxc8 Rd3 30. Bc3 Ne5 31. Rc7 Bc5 32. Nxc5 dxc5 33.
Bxe5 Rd2 34. Bc3 Rd1+ 35. Kh2 Kg6 36. Rxg7+ Kh5 37. Be8+ Kh4 38. Bf6# 1-0

[Event "Live Chess"]
[Site "Chess.com"]
[Date "2023.05.20"]
[Round "-"]
[White "TheSmoulderingMaster"]
[Black "MaximKris"]
[Result "1-0"]
[WhiteElo "1750"]
[BlackElo "1834"]
[TimeControl "300"]
[EndTime "13:05:31 PDT"]
[Termination "TheSmoulderingMaster won by checkmate"]

1. e4 e5 2. Nf3 Nc6 3. Bb5 a6 4. Ba4 Nf6 5. O-O Nxe4 6. d4 b5 7. Bb3 d5 8. dxe5 Be6 9. c3 Be7 10. Nbd2 Nc5 11. Bc2 Bg4 12. h3 Bh5 13. Nb3 Bg6 14.
Nbd4 Nxd4 15. cxd4 Bxc2 16. Qxc2 Ne4 17. Qc6+ Kf8 18.
Bf4 h6 19. Rac1 g5 20. Bh2 h5 21. e6 fxe6 22. Ne5 Kg7 23. Qxe6 Qe8 24. Qxd5 Nf6 25. Qe6 Bd6 26. Qf5 Bxe5 27. Bxe5 Qg6 28. Rxc7+ Kh6 29. Qxf6 Qxf6 30. Bxf6 Kg6 31. Bxh8 Rxh8 32. Re1 Rh6 33. Re6+ Kf5 34. Rxh6 Ke4 35. Rd7 Kd3 36. d5 Kc2 37. d6 Kxb2 38. Rc7 Kxa2 39. d7 b4 40. d8=Q b3 41.
Rxa6+ Kb1 42. Qd3+ Kb2 43. Qc3+ Kb1 44. Qxb3# 1-0

[Event "Live Chess"]
[Site "Chess.com"]
[Date "2023.05.20"]
[Round "-"]
[White "MartinWalker4"]
[Black "Leonid_Starozhilov"]
[Result "1-0"]
[WhiteElo "2052"]
[BlackElo "2637"]
[TimeControl "300"]
[EndTime "13:05:47 PDT"]
[Termination "MartinWalker4 won by resignation"]

1. e4 g6 2. d4 Bg7 3. Nc3 Nc6 4. Be3 d5 5. exd5 Nb4 6. Bc4 Nf6 7. Nf3 O-O 8. O-O Nbxd5 9. Nxd5 Nxd5 10. c3 c5 11.
Bxd5 Qxd5 12. dxc5 Qh5 13. Nd4 Qxc5 14. Ne6 Qxe3 15. fxe3 Bxe6 16. Qe2 Be5 17. Rfd1 a6 18. Qf3 b5 19. Qb7 Bd6 20. Rd2 Rfb8 21. Qf3 Bc5 22. Kf2 a5 23. Qc6 Ba7 24. b3 a4 25.
Qc7 Kf8 26. Rad1 Bb6 27. Qe5 Kg8 28. b4 Bc4 29. Rd7 Bd8 30. a3 Be6 31. R7d2 Bb6 32. Rd3 h5 33. R3d2 Bb3 34. Rb1 Rb7 35. Qe4 Rab8 36.
Re1 Rc7 37. Qe5 Rc6 38. Qxb8+ Kg7 39. Qe5+ Rf6+ 40. Kg1 Bc4 41. Rf2 Bd8 42. Rxf6 exf6 43. Qd6 Be6 44. Qxd8 g5 45. Rf1 Bc4 46. Qxf6+ Kf8 47.
Qd8+ Kg7 48. Rf5 Be6 49. Rxg5+ Kh7 50. Qg8+ 1-0

[Event "Live Chess"]
[Site "Chess.com"]
[Date "2023.05.20"]
[Round "-"]
[White "Jonmill"]
[Black "MrBlond89"]
[Result "0-1"]
[WhiteElo "1242"]
[BlackElo "1346"]
[TimeControl "300"]
[EndTime "13:05:48 PDT"]
[Termination "MrBlond89 won by resignation"]

1. e4 e5 2. Nc3 Nc6 3. Bc4 Nf6 4.
d3 Bb4 5. f4 d6 6. Nf3 Na5 7. fxe5 dxe5 8. Nxe5 Nxc4 9. Nxc4 Qd4 10. Be3 Bxc3+ 11. bxc3 Qxc3+ 12. Bd2 Qd4 13. Rf1 O-O 14.
h3 Be6 15. c3 Qxd3 16. Ne5 Qxe4+ 0-1

[Event "Live Chess"]
[Site "Chess.com"]
[Date "2023.05.20"]
[Round "-"]
[White "boilerboy1"]
[Black "ProfPoisson"]
[Result "0-1"]
[WhiteElo "1042"]
[BlackElo "1074"]
[TimeControl "300"]
[EndTime "13:05:55 PDT"]
[Termination "ProfPoisson won by checkmate"]

1. e4 e5 2. Nc3 Nf6 3. Nf3 Nc6 4. Be2 d5 5. exd5 Nxd5 6. Nxd5 Qxd5 7. O-O Bd6 8. c3 e4 9. c4 Qh5 10. h3 exf3 11.
Bxf3 Qg6 12. Re1+ Ne7 13. d4 Bxh3 14. Bxb7 c6 15. Bxc6+ Bd7 16. Bxa8 O-O 17. Qf3 Rc8 18. Be4 f5 19. Bd5+ Nxd5 20. Qxd5+ Kh8 21. c5 Bc6 22. Qxd6 Qxg2# 0-1

[Event "Live Chess"]
[Site "Chess.com"]
[Date "2023.05.20"]
[Round "-"]
[White "KeithArkell"]
[Black "NAZRIZ1977"]
[Result "1-0"]
[WhiteElo "2613"]
[BlackElo "2072"]
[TimeControl "300"]
[EndTime "13:05:55 PDT"]
[Termination "KeithArkell won by resignation"]

1. d4 Nf6 2. Nf3 d5 3. c4 g6 4. cxd5 Nxd5 5. Nc3 Nxc3 6. bxc3 Bg7 7. e4 O-O 8. Bc4 c5 9. Be3 Bg4 10. e5 cxd4 11.
cxd4 Nc6 12. Be2 f6 13. exf6 Bxf6 14. O-O Bxf3 15. Bxf3 Nxd4 16. Bxb7 Rb8 17. Be4 e5 18. Rb1 Rxb1 19. Qxb1 Qb6 20. Qxb6 axb6 21. Bd5+ Kg7 22. g3 Rd8 23. Bc4 Rb8 24. Rb1 b5 25. Bxd4 exd4 26.
Bxb5 Kf8 27. Bd3 Rxb1+ 28. Bxb1 Bd8 29. Kf1 Ke7 30. Ke2 Kd6 31. h4 Ke5 32. a4 Bb6 33. Bd3 Kf6 34. Kf3 h6 35. Ke4 g5 36. hxg5+ Kxg5 37. Kd5 Kg4 38. Be2+ Kh3 39. f4 Kxg3 40. f5 Bd8 41. Ke6 Kf2 42. Bh5 Ke3 43. f6 Bxf6 44.
Kxf6 d3 45. a5 Kd4 46. a6 1-0

[Event "Live Chess"]
[Site "Chess.com"]
[Date "2023.05.20"]
[Round "-"]
[White "gmnorfolk"]
[Black "MarkLim1"]
[Result "1-0"]
[WhiteElo "2049"]
[BlackElo "1661"]
[TimeControl "300"]
[EndTime "13:05:56 PDT"]
[Termination "gmnorfolk won by resignation"]

1. d4 Nf6 2. c4 e6 3. Nc3 d5 4. cxd5 Nxd5 5. e4 Nxc3 6. bxc3 c5 7. Rb1 Be7 8. Bb5+ Bd7 9. Qa4 O-O 10. Bxd7 Nxd7 11.
Nf3 b6 12. O-O cxd4 13. cxd4 Nf6 14. Re1 Qd7 15. Bb2 Rfc8 16. Qxd7 Nxd7 17. Rbc1 Nf6 18.
Ne5 Rxc1 19. Bxc1 Rc8 20. f3 h6 21. Be3 Rc2 22. a4 Ra2 23. Nc6 Bf8 24. g4 Rxa4 25. h4 Bb4 26. Rd1 Kf8 27. g5 hxg5 28. hxg5 Nd7 29. Rc1 Ke8 30. Kf2 g6 31. Rh1 Ra2+ 32.
Kg3 a5 33. Rb1 Bd6+ 34. e5 Bc7 35. f4 a4 36. Na7 a3 37. Nb5 Re2 38. Kf3 a2 39. Ra1 Rc2 40. Nxc7+ Rxc7 41. Rxa2 b5 42. Ra8+ Ke7 43. Bd2 Nb6 44. Bb4+ Kd7 45. Rb8 Kc6 46.
Ba5 Nd5 47. Bxc7 Nxc7 48. Rf8 Nd5 49. Rxf7 b4 50. Ke4 1-0

[Event "Live Chess"]
[Site "Chess.com"]
[Date "2023.05.20"]
[Round "-"]
[White "Pablo_dmp"]
[Black "xx_blindpuffin_xx"]
[Result "1-0"]
[WhiteElo "1887"]
[BlackElo "2205"]
[TimeControl "300"]
[EndTime "13:06:04 PDT"]
[Termination "Pablo_dmp won by resignation"]

1. e4 c6 2. d4 d5 3. e5 Bf5 4. h4 Bd7 5. Nf3 e6 6. c4 dxc4 7. Bxc4 Ne7 8. Nc3 Nd5 9. O-O Be7 10. g3 O-O 11. a3 a5 12. Ne4 Na6 13. Nfg5 g6 14. Kg2 c5 15. dxc5 Nxc5 16. Bxd5 exd5 17. Qxd5 Nxe4 18. Nxe4 Bc6 19. Qc4 Qd7 20. Bg5 Bb5 21.
Qb3 Bxf1+ 22. Rxf1 Qc6 23. f3 Rfe8 24. Bxe7 Rxe7 25.
Nf6+ Kg7 26. Re1 a4 27. Qe3 Ra5 28. Qf4 Qc2+ 29. Kh3 Qf2 30. Rc1 Raxe5 31. Ng4 Rf5 32. Qh6+ Kg8 33. Nxf2 Re8 34. Ng4 Rxf3 35. Rc3 Rf1 36. Kg2 Rf5 37. Rf3 Re2+ 38. Rf2 Rexf2+ 39. Nxf2 f6 40. Qe3 Kf7 41. Qe4 b5 42. Qc6 Re5 43. Ng4 Re2+ 44. Kh3 Rxb2 45. Qxf6+ 1-0

[Event "Live Chess"]
[Site "Chess.com"]
[Date "2023.05.20"]
[Round "-"]
[White "chessleanstrategist"]
[Black "Tema1107"]
[Result "0-1"]
[WhiteElo "399"]
[BlackElo "1974"]
[TimeControl "300"]
[EndTime "13:06:17 PDT"]
[Termination "Tema1107 won on time"]

1. c4 e5 2. g3 Nf6 3. Bg2 c6 4.
Nf3 d5 5. b3 Nbd7 6. O-O Bd6 7.
Bb2 O-O 8. a4 Re8 9. Re1 e4 10.
Nd4 Ne5 11. a5 c5 12. Nb5 d4 13. Nxd6 Qxd6 14. d3 e3 15. f3 h5 16. f4 Ng6 17.
Na3 h4 18. Nb5 Qe7 19. Ba3 a6 20. Bxc5 Qxc5 21. f5 Bxf5 22. Bxb7 axb5 23. Bxa8 Rxa8 24. a6 hxg3 0-1

[Event "Live Chess"]
[Site "Chess.com"]
[Date "2023.05.20"]
[Round "-"]
[White "terrub10"]
[Black "Ferrarifan27"]
[Result "0-1"]
[WhiteElo "726"]
[BlackElo "2062"]
[TimeControl "300"]
[EndTime "13:06:20 PDT"]
[Termination "Ferrarifan27 won by checkmate"]

1. d4 Nf6 2. Bg5 e6 3. Bxf6 Qxf6 4. e3 b6 5. Qf3 Qxf3 6. gxf3 Bb7 7. Bb5 Bd6 8. Nc3 O-O 9. d5 exd5 10. e4 dxe4 11. fxe4 Re8 12. f4 Bb4 13. O-O-O Bxc3 14. bxc3 Bxe4 15. Bxd7 Nxd7 16. Rxd7 Bxh1 17. Rxc7 Re1+ 18. Kd2 Rxg1 19. c4 Rg2+ 20. Ke3 Rxc2 21. Kd4 Rxa2 22. Ke5 Rd8 23. f5 a5 24. f6 Re2+ 25. Kf5 Rf2+ 26. Kg5 gxf6+ 27. Kh6 Rxh2# 0-1

[Event "Live Chess"]
[Site "Chess.com"]
[Date "2023.05.20"]
[Round "-"]
[White "Nazar_777"]
[Black "ossie57"]
[Result "0-1"]
[WhiteElo "1577"]
[BlackElo "1920"]
[TimeControl "300"]
[EndTime "13:06:22 PDT"]
[Termination "ossie57 won by checkmate"]

1. e3 d5 2. h4 Nf6 3. a3 h6 4. c4 Bg4 5. Qc2 Qd7 6. Nc3 c6 7. Nf3 Bf5 8. Bd3 Bxd3 9. Qxd3 dxc4 10. Qxc4 e6 11. Qb3 Be7 12. Qc2 Na6 13. b4 Rc8 14. Bb2 Nc7 15. Rc1 O-O 16. Qb1 Nfd5 17. Ng5 f5 18.
Nf3 Bf6 19. h5 Nxc3 20. Bxc3 Nd5 21. Bxf6 Rxf6 22. Nh4 f4 23. Ng6 fxe3 24. dxe3 Qf7 25. Rf1 Ne7 26. Rd1 Nxg6 27. hxg6 Rxg6 28. g3 Rf6 29.
Qd3 Rf8 30. f4 Qh5 31. Qe2 Qh3 32. Rd2 Qxg3+ 33. Kd1 Qg6 34. Qf2 e5 35. Rd7 Qb1+ 36. Ke2 Qc2+ 37. Rd2 Qc4+ 38. Ke1 exf4 39. Rd7 Qc1+ 40.
Rd1 Qc3+ 41. Rd2 fxe3 42. Qxf6 Qxd2# 0-1